[Event "Titled Tuesday Blitz May 4 2021"]
[White "Baker, Chris W"]
[Black "Lopez Gracia, Fernando"]
[WhiteFideId "401676"]
[BlackFideId "2207184"]
[WhiteElo "2236"]
[BlackElo "2311"]
[Result "1-0"]
[Round "10"]
[TimeControl "180+1"]
[Date "2021.05.04"]
[WhiteClock "0:00:19"]
[BlackClock "0:00:46"]

1. e4 e5 2. Nf3 Nc6 3. Bc4 Nf6 4. O-O Nxe4 5. d4 d5 6. Bb5 exd4 7. Nxd4 Bd7 8. Re1 Be7 9. c4 Nxd4 10. Bxd7+ Qxd7 11. Qxd4 Bc5 12. Qe5+ Kd8 13. Be3 Bxe3 14. Rxe3 Re8 15. Qxd5 Nf6 16. Rxe8+ Kxe8 17. Qxd7+ Kxd7 18. Nc3 c6 19. Re1 Re8 20. Rxe8 Nxe8 21. f3 Kd6 22. Kf2 Kc5 23. b3 Kb4 24. Nb1 a5 25. Ke3 a4 26. Nd2 Ka3 27. Kd3 Kxa2 28. bxa4 Ka3 29. a5 Ka4 30. Ne4 Kxa5 31. Ng5 Nd6 32. Nxh7 Kb4 33. Ng5 f6 34. Ne6 Nxc4 35. Nxg7 b5 36. h4 Ne5+ 37. Kc2 Kc5 38. h5 Nf7 39. Nf5 Kd5 40. h6 Ke5 41. g4 Kf4 42. h7 Kxf3 43. Nd4+ Kxg4 44. Nxc6 Kf4 45. Nd4 Ke3 46. Nxb5 f5 47. Nd6 f4 48. Nxf7 1-0


[Site "https://www.chess.com"]

[Event "Titled Tuesday Blitz May 4 2021"]
[White "Balaji, Aaravamudhan"]
[Black "Buscar, Michael"]
[WhiteFideId "436224"]
[BlackFideId "2603616"]
[WhiteElo "2085"]
[BlackElo "2010"]
[Result "1-0"]
[Round "10"]
[TimeControl "180+1"]
[Date "2021.05.04"]
[WhiteClock "0:01:54"]
[BlackClock "0:00:12"]

1. d4 d5 2. c4 e6 3. Nc3 c5 4. cxd5 exd5 5. Nf3 Nc6 6. g3 Nf6 7. Bg2 Be7 8. O-O O-O 9. Bg5 c4 10. Ne5 Be6 11. f4 Ng4 12. Bxe7 Nxe7 13. Qd2 Nxe5 14. fxe5 Qa5 15. e4 Rfd8 16. exd5 Nxd5 17. Qf2 Nxc3 18. bxc3 Qxc3 19. d5 Rxd5 20. Bxd5 Bxd5 21. Rad1 Qxe5 22. Rfe1 Qh5 23. Qd4 Qg6 24. Qxd5 h5 25. Qxb7 Rf8 26. Qxa7 h4 27. Qe3 h3 28. Qe4 Qa6 29. Qg4 Qb6+ 30. Kh1 Qb7+ 31. Qe4 Qb2 32. Re2 Qa3 33. Rf1 c3 34. Ref2 Qc5 35. Kg1 Rd8 36. Qh4 c2 37. Qxd8+ 1-0


[Site "https://www.chess.com"]

[Event "Titled Tuesday Blitz May 4 2021"]
[White "Bartel, Michal"]
[Black "Begunov, Konstantin"]
[WhiteFideId "1119257"]
[BlackFideId "4118510"]
[WhiteElo "2271"]
[BlackElo "2262"]
[Result "1/2-1/2"]
[Round "10"]
[TimeControl "180+1"]
[Date "2021.05.04"]
[WhiteClock "0:00:06"]
[BlackClock "0:00:22"]

1. e4 c5 2. Ne2 d6 3. g3 Nc6 4. Bg2 g6 5. c3 Bg7 6. d4 cxd4 7. cxd4 e6 8. Nbc3 Nge7 9. O-O O-O 10. Be3 b6 11. Rc1 Ba6 12. Qd2 Rc8 13. b3 d5 14. e5 Nf5 15. g4 Nxe3 16. fxe3 f6 17. exf6 Rxf6 18. Rxf6 Qxf6 19. Nf4 Nxd4 20. Kh1 Nxb3 21. axb3 Rxc3 22. Rxc3 Qxc3 23. Qxc3 Bxc3 24. Nxe6 Be2 25. h3 Bd2 26. Bxd5 Bxe3 27. Nf4+ Kg7 28. Nxe2 Kf6 29. Kg2 Ke5 30. Kf3 Bd2 31. Bg8 h5 32. gxh5 gxh5 33. Bf7 h4 34. Kg4 Be1 35. Nf4 a5 36. Ng2 Bf2 37. Nxh4 b5 38. Nf3+ Kf6 39. Be8 a4 40. bxa4 bxa4 41. Bxa4 Kg6 42. Bb3 Kh7 43. Ng5+ Kg6 44. Bc2+ Kh6 45. Ne4 Be1 46. h4 Bxh4 47. Kxh4 Kg6 48. Kg4 Kh6 49. Kf5 Kg7 50. Bb3 Kh7 51. Kf6 Kh8 52. Bf7 Kh7 53. Nd6 Kh8 54. Nf5 Kh7 55. Ne7 Kh8 56. Ng6+ Kh7 57. Bd5 Kh6 58. Bg8 Kh5 59. Ne5 Kh4 60. Kf5 Kg3 61. Ke4 Kf2 62. Bc4 Ke1 63. Kd3 Kd1 64. Kc3 Kc1 65. Ba2 Kd1 66. Kd3 Kc1 67. Nf3 Kb2 68. Bc4 Ka1 69. Nd4 Kb2 70. Kd2 Ka1 71. Kc3 Kb1 72. Nc2 Kc1 73. Ba2 Kd1 74. Nd4 Ke1 75. Kd3 Kf2 76. Bd5 Kg3 77. Ke4 Kg4 78. Be6+ Kg5 79. Ke5 Kg6 80. Nf5 Kh7 81. Kf6 Kh8 82. Ne7 Kh7 83. Ng6 Kh6 84. Bg8 Kh5 85. Kf5 Kh6 86. Ne5 Kg7 87. Bd5 Kh8 88. Kf6 Kh7 89. Ng6 Kh6 90. Bg8 1/2-1/2


[Site "https://www.chess.com"]

[Event "Titled Tuesday Blitz May 4 2021"]
[White "Belanoff, Ted"]
[Black "Krzywda, Andrzej"]
[WhiteFideId "2070588"]
[BlackFideId "1114565"]
[WhiteElo "2173"]
[BlackElo "2100"]
[Result "0-1"]
[Round "10"]
[TimeControl "180+1"]
[Date "2021.05.04"]
[WhiteClock "0:00:16"]
[BlackClock "0:00:38"]

1. d4 Nf6 2. c4 c5 3. e3 g6 4. Nf3 Bg7 5. Be2 O-O 6. h4 h5 7. Nc3 cxd4 8. exd4 d5 9. Bg5 Bg4 10. Bxf6 Bxf6 11. Nxd5 Bg7 12. Qd3 Nc6 13. O-O e6 14. Ne3 Bxf3 15. Bxf3 Nxd4 16. Qe4 Nxf3+ 17. Qxf3 Qxh4 18. Qxb7 Rab8 19. Qxa7 Rxb2 20. Rab1 Bd4 21. Qa3 Rfb8 22. Rxb2 Rxb2 23. Nd1 Rd2 24. Qb3 g5 25. g3 Qg4 26. Ne3 Qf3 27. Nd1 Qe2 28. a4 Kg7 29. a5 Rd3 30. Qb8 Rxd1 31. Rxd1 Qxf2+ 32. Kh1 Qf3+ 33. Kh2 Qe2+ 34. Kh1 Qxd1+ 35. Kg2 Qg1+ 36. Kf3 Qf2+ 37. Ke4 Qe3# 0-1


[Site "https://www.chess.com"]

[Event "Titled Tuesday Blitz May 4 2021"]
[White "Bendayan Claros, Aaron"]
[Black "Mikhalsky, Vladimir"]
[WhiteFideId "3803392"]
[BlackFideId "14144352"]
[WhiteElo "2166"]
[BlackElo "2280"]
[Result "0-1"]
[Round "10"]
[TimeControl "180+1"]
[Date "2021.05.04"]
[WhiteClock "0:00:04"]
[BlackClock "0:01:11"]

1. d4 g6 2. c4 Bg7 3. Nc3 Nf6 4. e4 O-O 5. f3 d6 6. Be3 Nc6 7. Nge2 a6 8. Qd2 Re8 9. Rc1 Bd7 10. g3 b5 11. b3 bxc4 12. bxc4 Na5 13. Nd5 c6 14. Nxf6+ exf6 15. Bg2 d5 16. cxd5 cxd5 17. exd5 Bb5 18. f4 Nc4 19. Rxc4 Bxc4 20. Nc3 Ra7 21. Kf2 Rae7 22. Re1 f5 23. Bf3 Qb6 24. Na4 Qb5 25. Nc5 Rxe3 26. Rxe3 Rxe3 27. Kxe3 Qb1 28. Be2 Qg1+ 29. Kf3 Bxd5+ 30. Ne4 Bxe4# 0-1


[Site "https://www.chess.com"]

[Event "Titled Tuesday Blitz May 4 2021"]
[White "Berezin, Viktor"]
[Black "Remolar Gallen, Jose"]
[WhiteFideId "14107872"]
[BlackFideId "2215187"]
[WhiteElo "2310"]
[BlackElo "2203"]
[Result "1-0"]
[Round "10"]
[TimeControl "180+1"]
[Date "2021.05.04"]
[WhiteClock "0:01:12"]
[BlackClock "0:00:13"]

1. c4 Nf6 2. Nf3 g6 3. g3 Bg7 4. Bg2 O-O 5. O-O d6 6. Nc3 Nc6 7. d3 e5 8. e4 Bg4 9. h3 Bxf3 10. Bxf3 h6 11. Bg2 Nd7 12. Kh2 a5 13. f4 exf4 14. gxf4 Nc5 15. Be3 Nd4 16. Ne2 Nxe2 17. Qxe2 f5 18. e5 Kh7 19. Rad1 Qd7 20. d4 Ne4 21. Bxe4 fxe4 22. Qg2 d5 23. cxd5 Qxd5 24. Rg1 Ra6 25. Rc1 Rf7 26. Rc5 Qxa2 27. Qxe4 Qxb2+ 28. Rg2 Qb3 29. d5 Rf5 30. Rxc7 a4 31. Qxf5 gxf5 32. Rcxg7+ Kh8 33. Rg8+ Kh7 34. R2g7# 1-0


[Site "https://www.chess.com"]

[Event "Titled Tuesday Blitz May 4 2021"]
[White "Bommini, Mounika Akshaya"]
[Black "Prraneeth Vuppala"]
[WhiteFideId "25019872"]
[BlackFideId "46622373"]
[WhiteElo "1610"]
[BlackElo "1759"]
[Result "0-1"]
[Round "10"]
[TimeControl "180+1"]
[Date "2021.05.04"]
[WhiteClock "0:02:16"]
[BlackClock "0:02:37"]

1. d4 d5 2. c4 c6 3. Nc3 Nf6 4. cxd5 cxd5 5. Bf4 Nc6 6. e3 a6 7. Bd3 Bg4 8. Nge2 e6 9. f3 Bh5 10. O-O Bd6 11. Rc1 O-O 12. Qe1 Bg6 13. g4 Bxd3 0-1


[Site "https://www.chess.com"]

[Event "Titled Tuesday Blitz May 4 2021"]
[White "Bonte, Andrei-Mihai"]
[Black "Gretarsson, Helgi Ass"]
[WhiteFideId "1210297"]
[BlackFideId "2300699"]
[WhiteElo "2200"]
[BlackElo "2519"]
[Result "0-1"]
[Round "10"]
[TimeControl "180+1"]
[Date "2021.05.04"]
[WhiteClock "0:01:06"]
[BlackClock "0:01:21"]

1. d4 g6 2. e4 Bg7 3. Nc3 c5 4. d5 d6 5. h3 Bxc3+ 6. bxc3 Nf6 7. f3 Qa5 8. Qd2 b5 9. c4 Qxd2+ 10. Kxd2 bxc4 11. Bxc4 Ba6 12. Bxa6 Nxa6 13. Bb2 Kd7 14. Ne2 Rhb8 15. Bc3 Ne8 16. Rab1 Nec7 17. Ba5 Nb5 18. Rb3 c4 19. Rb2 Na3 20. Rxb8 Rxb8 21. Bc3 e5 22. dxe6+ fxe6 23. f4 Nc5 24. Ng3 Nb1+ 0-1


[Site "https://www.chess.com"]

[Event "Titled Tuesday Blitz May 4 2021"]
[White "Brunner, Nicolas"]
[Black "Todorovic, Bojan"]
[WhiteFideId "620246"]
[BlackFideId "917087"]
[WhiteElo "2372"]
[BlackElo "2266"]
[Result "1-0"]
[Round "10"]
[TimeControl "180+1"]
[Date "2021.05.04"]
[WhiteClock "0:00:23"]
[BlackClock "0:00:06"]

1. d4 Nf6 2. c4 g6 3. g3 Bg7 4. Bg2 O-O 5. Nf3 d6 6. O-O c6 7. Nc3 Bf5 8. Nh4 Bd7 9. e4 e5 10. d5 Na6 11. Rb1 Rc8 12. dxc6 Bxc6 13. b4 Nc7 14. h3 b5 15. cxb5 Nxb5 16. Nxb5 Bxb5 17. Re1 Bc4 18. a4 d5 19. exd5 Nxd5 20. Bb2 Nxb4 21. Bxe5 Bxe5 22. Qxd8 Rfxd8 23. Rxe5 Nd3 24. Re7 Rb8 25. Rxb8 Rxb8 26. Rxa7 Rb1+ 27. Kh2 Nxf2 28. a5 Ra1 29. Nf3 Bd5 30. Ng5 Bxg2 31. Kxg2 Ra2 32. Nxf7 Ng4+ 33. Kf3 Nf6 34. Nh6+ Kh8 35. g4 Ra3+ 36. Kg2 g5 37. Nf5 Kg8 38. a6 Nd5 39. Rg7+ Kf8 40. a7 Nb6 41. Rxh7 Ke8 42. h4 gxh4 43. Nxh4 Nd7 44. Rh8+ Nf8 45. Ng6 Rxa7 46. Rxf8+ Kd7 47. Rf7+ 1-0


[Site "https://www.chess.com"]

[Event "Titled Tuesday Blitz May 4 2021"]
[White "Budrewicz, Krzysztof"]
[Black "Weetik, Vjacheslav"]
[WhiteFideId "1127950"]
[BlackFideId "4153472"]
[WhiteElo "2276"]
[BlackElo "2469"]
[Result "0-1"]
[Round "10"]
[TimeControl "180+1"]
[Date "2021.05.04"]
[WhiteClock "0:00:11"]
[BlackClock "0:00:18"]

1. d4 d5 2. c4 e6 3. Nc3 c6 4. e4 dxe4 5. Nxe4 Bb4+ 6. Nc3 c5 7. a3 Bxc3+ 8. bxc3 Nf6 9. Nf3 b6 10. Bd3 Bb7 11. O-O O-O 12. Bg5 Nbd7 13. Re1 Qc7 14. Qe2 h6 15. Bh4 Nh5 16. g3 Qc6 17. d5 exd5 18. Nd2 Nhf6 19. f3 g5 20. cxd5 Qxd5 21. Bc4 Qd6 22. Bxg5 hxg5 23. Qe3 Nh7 24. Rad1 Qg6 25. Qe7 Nhf6 26. Qd6 Rae8 27. Ne4 Bxe4 28. fxe4 Ne5 29. Be2 Nxe4 30. Qd7 Nxd7 0-1


[Site "https://www.chess.com"]

[Event "Titled Tuesday Blitz May 4 2021"]
[White "Bugayev, Vladimir"]
[Black "Komiagina, Maria"]
[WhiteFideId "30901480"]
[BlackFideId "4153987"]
[WhiteElo "2335"]
[BlackElo "2014"]
[Result "1-0"]
[Round "10"]
[TimeControl "180+1"]
[Date "2021.05.04"]
[WhiteClock "0:00:02"]
[BlackClock "0:00:04"]

1. e4 c5 2. Nc3 Nc6 3. Bb5 Nd4 4. Nf3 a6 5. Bd3 g6 6. Nxd4 cxd4 7. Ne2 Bg7 8. c3 dxc3 9. dxc3 d6 10. O-O Nf6 11. c4 O-O 12. Be3 Ng4 13. Bd4 e5 14. Bc3 Be6 15. h3 Nh6 16. f4 f5 17. fxe5 dxe5 18. Qc2 f4 19. Kh1 Qh4 20. Ng1 Ng4 21. Nf3 Qh6 22. Bd2 Rad8 23. Kg1 Ne3 24. Bxe3 fxe3 25. Qe2 Qf4 26. Nd4 exd4 27. Rxf4 Rxf4 28. Rf1 Rdf8 29. Rxf4 Rxf4 30. Qc2 Rf2 31. Be2 Be5 32. Qd3 Kg7 33. b4 Kh6 34. b5 axb5 35. cxb5 Kg5 36. Bf3 Rd2 37. Qa3 Kf4 38. Qf8+ Kg3 39. Qh6 Bf4 40. Qxh7 e2 41. Qxg6+ 1-0


[Site "https://www.chess.com"]

[Event "Titled Tuesday Blitz May 4 2021"]
[White "Buksa, Nataliya"]
[Black "Csonka, Balazs"]
[WhiteFideId "14123622"]
[BlackFideId "742910"]
[WhiteElo "2214"]
[BlackElo "2404"]
[Result "0-1"]
[Round "10"]
[TimeControl "180+1"]
[Date "2021.05.04"]
[WhiteClock "0:00:02"]
[BlackClock "0:00:10"]

1. d4 d5 2. Nc3 c6 3. Bf4 Bf5 4. e3 e6 5. Nf3 Bd6 6. Ne5 f6 7. Nd3 Ne7 8. Be2 O-O 9. g4 Bxd3 10. Bxd3 e5 11. Bg3 e4 12. Be2 f5 13. gxf5 Nxf5 14. Bg4 Na6 15. Bxf5 Rxf5 16. Qg4 Rf7 17. O-O-O Qd7 18. Qh4 Raf8 19. Rdg1 Nc7 20. Ne2 Ne6 21. Rg2 h6 22. Rhg1 Ng5 23. Bxd6 Qxd6 24. Rxg5 hxg5 25. Rxg5 Rxf2 26. Ng3 Qb4 27. Rxg7+ Kxg7 28. Nh5+ Kg6 29. Qg4+ Kh6 30. Qg7+ Kxh5 31. Qh7+ Kg4 32. Qg6+ Kf3 33. Qg3+ Ke2 34. Qg4+ R8f3 35. b3 Qa3+ 36. Kb1 Rf1# 0-1


[Site "https://www.chess.com"]

[Event "Titled Tuesday Blitz May 4 2021"]
[White "Campelo, Leandro Fabricio"]
[Black "Mayeregger, Arnold"]
[WhiteFideId "2103346"]
[BlackFideId "3705226"]
[WhiteElo "2105"]
[BlackElo "1567"]
[Result "1-0"]
[Round "10"]
[TimeControl "180+1"]
[Date "2021.05.04"]
[WhiteClock "0:00:10"]
[BlackClock "0:00:42"]

1. e4 c5 2. Nf3 e6 3. d4 cxd4 4. Nxd4 a6 5. Nc3 Qc7 6. Bd3 Nf6 7. O-O Be7 8. f4 d6 9. Kh1 O-O 10. Qf3 Nbd7 11. Bd2 Rb8 12. Rae1 b5 13. a3 Bb7 14. Qh3 Rfd8 15. Nxe6 fxe6 16. Qxe6+ Kf8 17. e5 Nc5 18. Qh3 Nxd3 19. cxd3 Nd5 20. Qxh7 Nxc3 21. Bxc3 Qc6 22. Re2 d5 23. e6 Bf6 24. e7+ Kf7 25. exd8=Q Rxd8 26. Qh5+ Kg8 27. Bxf6 Qxf6 28. Rfe1 Bc6 29. h3 d4 30. Re7 Qxf4 31. Qg4 Qh6 32. Kh2 Qd6+ 33. Qg3 Qf6 34. R1e6 Qf8 35. Qe5 Bd5 36. Rg6 Bf7 37. Rg4 a5 38. Rf4 Re8 39. Rfxf7 Qxf7 40. Rxe8+ Kh7 41. Qe4+ g6 42. Re7 Kg7 43. Rxf7+ Kxf7 44. Qxd4 g5 45. Qd5+ Kg6 46. Qxb5 Kh5 47. d4 a4 48. d5 g4 49. d6+ Kh4 50. g3# 1-0


[Site "https://www.chess.com"]

[Event "Titled Tuesday Blitz May 4 2021"]
[White "Chernomordik, Pavel"]
[Black "Nazaretyan, Tigran"]
[WhiteFideId "2804530"]
[BlackFideId "24162345"]
[WhiteElo "2299"]
[BlackElo "2276"]
[Result "0-1"]
[Round "10"]
[TimeControl "180+1"]
[Date "2021.05.04"]
[WhiteClock "0:00:32"]
[BlackClock "0:00:37"]

1. e4 c5 2. Nc3 Nc6 3. Bb5 Nd4 4. Bc4 e6 5. Nge2 Qc7 6. O-O Nf6 7. d3 a6 8. a4 Be7 9. f4 d6 10. Be3 Nxe2+ 11. Qxe2 b6 12. f5 O-O 13. g4 h6 14. h4 d5 15. exd5 Qg3+ 16. Qg2 Qxe3+ 17. Rf2 Bb7 18. g5 hxg5 19. hxg5 Nxd5 20. Nxd5 Bxd5 21. Bxd5 exd5 22. Qxd5 Qxg5+ 23. Rg2 Qe3+ 24. Kh1 Bf6 25. Rag1 Rad8 26. Qc6 Qh3+ 27. Rh2 Qxf5 28. Qg2 Qd5 29. Qxd5 Rxd5 30. Re2 Bxb2 31. Rb1 Bc3 32. Rxb6 a5 33. Kg2 g6 34. Rb4 cxb4 0-1


[Site "https://www.chess.com"]

[Event "Titled Tuesday Blitz May 4 2021"]
[White "Chitlange Sakshi"]
[Black "Arias, Juan Cruz"]
[WhiteFideId "35002899"]
[BlackFideId "118540"]
[WhiteElo "1787"]
[BlackElo "2083"]
[Result "1-0"]
[Round "10"]
[TimeControl "180+1"]
[Date "2021.05.04"]
[WhiteClock "0:01:01"]
[BlackClock "0:01:46"]

1. d4 e6 2. c4 Nf6 3. g3 Bb4+ 4. Nd2 Nc6 5. Nf3 O-O 6. Bg2 d6 7. O-O Bxd2 8. Bxd2 a5 9. Qc2 h6 10. Rad1 Qe7 11. Bc3 Ne4 12. Qxe4 f5 13. Qc2 Nd8 14. e4 f4 15. e5 d5 16. Nh4 Re8 17. Ng6 Qg5 18. Nxf4 c6 19. Qg6 Qe7 20. Nh5 Kh8 21. c5 Rf8 22. Qc2 Bd7 23. Nf4 Be8 24. Ng6+ Bxg6 25. Qxg6 Rf5 26. Qg4 Nf7 27. f4 Rf8 28. Qe2 Nd8 29. Bh3 R5f7 30. b4 axb4 31. Bxb4 g6 32. Qe3 Kh7 33. Bd2 Rg7 34. f5 exf5 35. Qxh6+ Kg8 36. Bg5 Qd7 37. Bf6 Ne6 38. Bxg7 Qxg7 39. Qxg7+ Kxg7 40. Rd2 Rf7 41. Rb1 f4 42. Bxe6 1-0


[Site "https://www.chess.com"]

[Event "Titled Tuesday Blitz May 4 2021"]
[White "Christensen, Thomas"]
[Black "Krysa, Leandro"]
[WhiteFideId "1403532"]
[BlackFideId "116807"]
[WhiteElo "2334"]
[BlackElo "2490"]
[Result "0-1"]
[Round "10"]
[TimeControl "180+1"]
[Date "2021.05.04"]
[WhiteClock "0:00:01"]
[BlackClock "0:00:27"]

1. d4 Nf6 2. Nc3 d5 3. e4 dxe4 4. f3 exf3 5. Nxf3 Bf5 6. Ne5 e6 7. g4 Bg6 8. Qf3 c6 9. g5 Nfd7 10. Nxg6 hxg6 11. Bg2 Bd6 12. Rf1 Qe7 13. Bd2 Rxh2 14. O-O-O Na6 15. Rh1 Rxh1 16. Rxh1 O-O-O 17. Ne4 Bb8 18. Rh7 Rg8 19. c4 Nc7 20. b4 f5 21. Nc5 Nxc5 22. bxc5 Rd8 23. Bc3 e5 24. dxe5 Ne6 25. Bd2 Qxc5 26. Rh3 Qxc4+ 27. Kb1 Bxe5 28. Bc3 Bxc3 29. Qxc3 Qxc3 30. Rxc3 Rd2 31. Bf3 Nxg5 32. Re3 Nxf3 33. Rxf3 Rd6 34. Rh3 Kc7 35. Rh7 Rd7 36. Kc2 f4 37. Rh4 Rf7 38. Rh2 f3 39. Rf2 g5 0-1


[Site "https://www.chess.com"]

[Event "Titled Tuesday Blitz May 4 2021"]
[White "Coelho, Ramyres Santana"]
[Black "Hernandez Jimenez, Alexander Andres"]
[WhiteFideId "2120690"]
[BlackFideId "3900452"]
[WhiteElo "1888"]
[BlackElo "2151"]
[Result "0-1"]
[Round "10"]
[TimeControl "180+1"]
[Date "2021.05.04"]
[WhiteClock "0:00:58"]
[BlackClock "0:00:26"]

1. e4 c5 2. Nf3 d6 3. d4 cxd4 4. Nxd4 Nf6 5. Nc3 a6 6. f3 e5 7. Nb3 Be6 8. Be3 h5 9. Qd2 Be7 10. O-O-O Nbd7 11. Kb1 Rc8 12. h4 b5 13. Nd5 Nxd5 14. exd5 Bf5 15. Bd3 Bxd3 16. Qxd3 Bxh4 17. Na5 Qxa5 18. Rxh4 g6 19. g4 Ke7 20. gxh5 Rxh5 21. Rxh5 gxh5 22. Qf5 Rg8 23. Bg5+ Ke8 24. Bd2 Qa4 25. Qxh5 Qc4 26. Bg5 Qe2 27. Rc1 Qg2 28. Be3 Qg6 29. Qh1 Nf6 30. Qd1 Qf5 31. Ka1 Rg3 32. c4 Qxf3 33. Qxf3 Rxf3 34. Bg5 bxc4 35. Bxf6 Rxf6 36. a4 Rf4 37. Ka2 Rd4 38. Ka3 a5 39. Rc3 f5 40. b3 cxb3 41. Kxb3 Rxd5 42. Rc7 e4 43. Ra7 e3 44. Kc4 Re5 45. Ra8+ Ke7 46. Ra7+ Ke6 0-1


[Site "https://www.chess.com"]

[Event "Titled Tuesday Blitz May 4 2021"]
[White "Costachi, Mihnea"]
[Black "Aradhya, Garg"]
[WhiteFideId "1217518"]
[BlackFideId "25006746"]
[WhiteElo "2479"]
[BlackElo "2146"]
[Result "1-0"]
[Round "10"]
[TimeControl "180+1"]
[Date "2021.05.04"]
[WhiteClock "0:00:27"]
[BlackClock "0:00:09"]

1. d4 d5 2. c4 c6 3. Nf3 Nf6 4. Nc3 dxc4 5. e4 b5 6. Be2 g6 7. O-O Bg7 8. e5 Nd5 9. Ne4 O-O 10. b3 c3 11. a3 a5 12. Bg5 h6 13. Bh4 Bf5 14. Nc5 Nd7 15. Nd3 Qb6 16. b4 axb4 17. Nxb4 e6 18. Qb3 Rfc8 19. Rfc1 Nxb4 20. axb4 c2 21. Rxa8 Rxa8 22. Bd3 Bg4 23. Bxc2 Bxf3 24. Qxf3 Qxd4 25. Qxc6 Ra1 26. Bb1 Qxh4 27. Qxd7 Qxb4 28. Qd8+ Bf8 29. Qd3 Qa3 30. Qxa3 Bxa3 31. Rd1 Kg7 32. f4 Bc5+ 33. Kf1 g5 34. fxg5 hxg5 35. Ke2 Ra3 36. Bd3 Bd4 37. Bxb5 Bxe5 38. h3 Ra2+ 39. Rd2 Ra5 40. Bc6 f5 41. g4 Ra3 42. Rd3 Ra2+ 43. Rd2 Ra3 44. Rd3 Ra2+ 45. Rd2 Ra1 46. gxf5 exf5 47. Rd8 Ra2+ 48. Kf1 Rh2 49. Bg2 g4 50. hxg4 fxg4 51. Rd5 Kf6 52. Ra5 Rh8 53. Ra6+ Kf5 54. Ra4 Rd8 55. Be4+ Kf4 56. Bb7+ Kg3 57. Ra3+ Kh4 58. Ra2 Rd1+ 59. Kg2 Rd7 60. Bc6 Rf7 61. Bd5 Rf6 62. Be4 Rf4 63. Bb7 Bd4 64. Bd5 Kg5 65. Bc6 Kh4 66. Bb7 g3 67. Bf3 Bf2 68. Ra5 Rd4 69. Rh5# 1-0


[Site "https://www.chess.com"]

[Event "Titled Tuesday Blitz May 4 2021"]
[White "Cuevas, Alex"]
[Black "Royal, Shreyas"]
[WhiteFideId "114260"]
[BlackFideId "448869"]
[WhiteElo "2289"]
[BlackElo "1931"]
[Result "1-0"]
[Round "10"]
[TimeControl "180+1"]
[Date "2021.05.04"]
[WhiteClock "0:00:38"]
[BlackClock "0:01:22"]

1. c4 Nf6 2. Nc3 g6 3. d4 Bg7 4. Nf3 d6 5. e4 O-O 6. Be2 e5 7. d5 a5 8. Bg5 h6 9. Be3 Na6 10. Nd2 Nc5 11. Qc2 Ng4 12. Bxg4 Bxg4 13. Nb3 Nxb3 14. Qxb3 f5 15. f3 f4 16. Bf2 Bd7 17. c5 a4 18. Qc4 b5 19. Nxb5 Rb8 20. c6 Bc8 21. Na7 Rxb2 22. O-O Qg5 23. Nxc8 Rxc8 24. Rab1 Rcb8 25. Rxb2 Rxb2 26. Qxa4 h5 27. Qa7 Qd8 28. a4 g5 29. Qa5 g4 30. Qc3 Qb8 31. a5 Ra2 32. Ra1 Rxa1+ 33. Qxa1 Bh6 34. a6 g3 35. a7 gxf2+ 36. Kxf2 Qa8 37. Qa6 Bg5 38. Qb7 1-0


[Site "https://www.chess.com"]

[Event "Titled Tuesday Blitz May 4 2021"]
[White "Daniel, Damian"]
[Black "Lizlov, Alexey"]
[WhiteFideId "1183621"]
[BlackFideId "4179803"]
[WhiteElo "2055"]
[BlackElo "2272"]
[Result "0-1"]
[Round "10"]
[TimeControl "180+1"]
[Date "2021.05.04"]
[WhiteClock "0:00:04"]
[BlackClock "0:00:07"]

1. d4 Nf6 2. c4 g6 3. Nc3 Bg7 4. e4 d6 5. Nf3 O-O 6. h3 c6 7. Be3 a6 8. Be2 b5 9. e5 Nfd7 10. exd6 exd6 11. O-O bxc4 12. Bxc4 Nb6 13. Bd3 Be6 14. Qc2 N8d7 15. Rac1 Nd5 16. Bg5 f6 17. Rfe1 Bf7 18. Nxd5 Bxd5 19. Bf4 Nb6 20. Nd2 Qd7 21. Nc4 Nxc4 22. Bxc4 f5 23. Bxd5+ cxd5 24. Qc6 Qxc6 25. Rxc6 Bxd4 26. b3 Rfe8 27. Rxe8+ Rxe8 28. Kf1 Be5 29. Bd2 Ra8 30. Ke2 Kf7 31. Kd3 Ke6 32. Rc7 h5 33. f4 Bf6 34. Be3 a5 35. Rc6 a4 36. b4 a3 37. Bc5 Be7 38. Bd4 Ra4 39. Kc3 Ra8 40. Kb3 h4 41. b5 Rb8 42. b6 Bd8 43. Kxa3 Kd7 44. Rc2 Bxb6 45. Bxb6 Rxb6 46. Rd2 Kc6 47. Rc2+ Kd7 48. Rd2 Ke6 49. Re2+ Kf6 50. Rd2 Rb5 51. Ka4 Rc5 52. Kb4 g5 53. a4 gxf4 54. a5 Ke5 55. a6 Rc8 56. Kb5 Ke4 57. Kb6 d4 58. Kb7 Rh8 59. a7 d3 60. a8=Q Rxa8 61. Kxa8 Ke3 62. Rd1 d2 63. Kb7 Ke2 64. Ra1 d1=Q 65. Rxd1 Kxd1 66. Kc6 Ke2 67. Kxd6 Kf2 68. Ke5 Kxg2 69. Kxf4 Kxh3 70. Kf3 Kh2 71. Kf2 h3 72. Kf1 Kg3 73. Kg1 f4 74. Kh1 f3 75. Kg1 f2+ 76. Kf1 h2 0-1


[Site "https://www.chess.com"]

[Event "Titled Tuesday Blitz May 4 2021"]
[White "De Silva, L M S T"]
[Black "Senthil Maran K"]
[WhiteFideId "9953698"]
[BlackFideId "25035681"]
[WhiteElo "1621"]
[BlackElo "2194"]
[Result "1-0"]
[Round "10"]
[TimeControl "180+1"]
[Date "2021.05.04"]
[WhiteClock "0:00:25"]
[BlackClock "0:00:06"]

1. Nf3 d5 2. b3 Nf6 3. Bb2 g6 4. e3 Bg7 5. d4 O-O 6. Be2 c5 7. O-O cxd4 8. exd4 Nc6 9. Ne5 Bf5 10. Nxc6 bxc6 11. Nc3 Ne4 12. Na4 Rc8 13. f3 Nd6 14. Nc5 Re8 15. Qd2 e5 16. dxe5 Bxe5 17. Bxe5 Rxe5 18. Nd3 Re8 19. Rae1 Nc4 20. bxc4 dxc4 21. Qc3 cxd3 22. Bxd3 Be6 23. a3 c5 24. Be4 Qd4+ 25. Qxd4 cxd4 26. Rd1 Red8 27. Rb1 Rc3 28. a4 Ra3 29. Rb4 a5 30. Rb7 Rxa4 31. Rfb1 Bd5 32. Rb8 Rxb8 33. Rxb8+ Kg7 34. Bxd5 Ra1+ 35. Kf2 Rc1 36. Be4 a4 37. Ra8 Ra1 38. Ke2 a3 39. Bd3 f5 40. Kf2 Kf6 41. f4 h6 42. g3 g5 43. Ra6+ Kg7 44. Bxf5 gxf4 45. gxf4 h5 46. Bd3 h4 47. f5 h3 48. Kg3 Kf8 49. Kxh3 Kf7 50. Bc4+ Kg7 51. f6+ Kg6 52. f7+ Kg7 53. Ra8 Rf1 54. Rg8+ Kh7 55. f8=Q Rxf8 56. Rxf8 a2 57. Bd3+ Kg7 58. Ra8 Kf6 59. Rxa2 Kg5 60. Kg3 Kh5 61. Kf4 Kh4 62. Ke4 1-0


[Site "https://www.chess.com"]

[Event "Titled Tuesday Blitz May 4 2021"]
[White "Demchenko, Anton"]
[Black "Korchmar, Vasiliy"]
[WhiteFideId "4160258"]
[BlackFideId "24131750"]
[WhiteElo "2593"]
[BlackElo "2370"]
[Result "1-0"]
[Round "10"]
[TimeControl "180+1"]
[Date "2021.05.04"]
[WhiteClock "0:00:28"]
[BlackClock "0:00:01"]

1. e4 e5 2. Nf3 Nc6 3. Bc4 Bc5 4. d3 Nf6 5. Bg5 h6 6. Bh4 Be7 7. Bg3 d6 8. a4 O-O 9. Nbd2 Be6 10. Bxe6 fxe6 11. c3 Qd7 12. O-O Rf7 13. b4 Bf8 14. Nc4 Ne7 15. b5 Ng6 16. Re1 Kh8 17. Rb1 Nh7 18. a5 Be7 19. d4 exd4 20. Nxd4 Raf8 21. Qg4 Nf4 22. Bxf4 Rxf4 23. Qxe6 Qe8 24. Nf5 Rf7 25. f3 Ng5 26. Qd5 Bf6 27. Qd3 Be5 28. b6 axb6 29. axb6 Qe6 30. Rbd1 cxb6 31. Nxe5 dxe5 32. Kh1 Qg6 33. Ne3 Qh5 34. Nf1 1-0


[Site "https://www.chess.com"]

[Event "Titled Tuesday Blitz May 4 2021"]
[White "Diaz Camallonga, Carles"]
[Black "Nitin, S."]
[WhiteFideId "22235256"]
[BlackFideId "5018277"]
[WhiteElo "2438"]
[BlackElo "2431"]
[Result "1-0"]
[Round "10"]
[TimeControl "180+1"]
[Date "2021.05.04"]
[WhiteClock "0:01:53"]
[BlackClock "0:01:08"]

1. e4 e5 2. Nf3 Nc6 3. Bb5 a6 4. Ba4 Nf6 5. d3 b5 6. Bb3 Be7 7. Nc3 O-O 8. a3 d6 9. Nd5 Bg4 10. Be3 Nb8 11. h3 Be6 12. a4 bxa4 13. Nxf6+ Bxf6 14. Bxe6 fxe6 15. Rxa4 Nd7 16. Qa1 Qc8 17. Qa2 Nb6 18. Ra5 d5 19. O-O Kh8 20. Ra1 Qb7 21. Rxa6 dxe4 22. Bxb6 Rxa6 23. Qxa6 Qb8 24. Ba7 Qxb2 25. dxe4 Qxc2 26. Qa4 1-0


[Site "https://www.chess.com"]